 Dungeon Crawl Stone Soup version 0.31.0-32-g396128a36d (webtiles) character file.

Game seed: 15311456152947914993

196 Killerpretzel the Changeling (level 5, 0/35 HPs)
             Began as an Octopode Shapeshifter on Mar 8, 2024.
             Slain by a quokka (4 damage)
             ... on level 3 of the Dungeon.
             The game lasted 00:01:46 (2134 turns).

Killerpretzel the Changeling (OpSh)                 Turns: 2134, Time: 00:01:46

Health: 0/35       AC:  1    Str: 13    XL:     5   Next: 75%
Magic:  5/5        EV: 13    Int: 13    God:
Gold:   153        SH:  0    Dex: 13    Spells: 4/4 levels left

rFire   . .          .
                       - Unarmed
rCold   . . .        (no shield)
rNeg    . . .        (helmet currently unavailable)
rPois   .            (no amulet)
rElec   .            (no ring)
rCorr   .            (no ring)
SInv    .            (no ring)
Will    .....        (no ring)
Stlth   ++           (no ring)
HPRegen 0.25/turn    (no ring)
MPRegen 0.09/turn    (no ring)
                     (no ring)

%: no passive effects
@: beast-form
A: beast (slay +2), almost no armour, amphibious, 8 rings, camouflage 1,
gelatinous body 1, (nimble swimmer 1), tentacles
a: Begin Untransformation


You were on level 3 of the Dungeon.
You were a hulking beast.
You visited 1 branch of the dungeon, and saw 3 of its levels.

You collected 153 gold pieces.

Inventory:

Missiles
 f - a boomerang (quivered)
Talismans
 b - a beast talisman
 c - a flux talisman
 g - a talisman of death
Scrolls
 d - a scroll of amnesia
 e - a scroll of identify
Potions
 a - a potion of lignification
 h - a potion of heal wounds
 i - a potion of resistance {unknown}
 l - a potion of mutation


   Skills:
 + Level 2.5 Fighting
 + Level 3.0 Dodging
 + Level 3.8 Unarmed Combat
 * Level 4.3 Shapeshifting


You had 4 spell levels left.
You didn't know any spells.
Your spell library contained the following spells:

 Spells                   Type           Power      Damage    Failure   Level
 Inner Flame              Hex/Fire       0%         N/A       67%         3
 Irradiate                Conj/Alch      0%         3d11      100%        5
 Ignition                 Fire           0%         3d3       100%        8


Dungeon Overview and Level Annotations

Branches:
Dungeon (3/15)

Altars:

Portals:
Sewer: D:3


Innate Abilities, Weirdness & Mutations

You are a hulking beast.
Your limbs bulge with bestial killing power. (Slay +2)
You cannot wear most types of armour.
You are amphibious.
You can wear up to eight rings at the same time.
Your skin changes colour to match your surroundings (Stealth+).
Your rubbery body absorbs attacks. (AC +1, EV +1)
((You are camouflaged when in or above water. (Stealth+)))
You have tentacles for arms and can constrict up to eight enemies at once.


Message History

You are too injured to fight recklessly!
You are too injured to fight recklessly!
You are too injured to fight recklessly!
There are monsters nearby!
You tentacle-slap the giant cockroach.
You kill the giant cockroach!
The hobgoblin hits you from afar with a +0 trident.
The hobgoblin closely misses you.
You see here a giant cockroach corpse.
You are too injured to fight recklessly!
You are too injured to fight recklessly!
You completely miss the hobgoblin. You grab the hobgoblin.
You constrict the hobgoblin.
The hobgoblin hits you with a +0 trident!
* * * LOW HITPOINT WARNING * * *
The quokka misses you.
You tentacle-slap the hobgoblin.
You kill the hobgoblin!
The quokka bites you.
* * * LOW HITPOINT WARNING * * *
The quokka splashes around in the water.
The quokka closely misses you.
You closely miss the quokka. You grab the quokka. You squeeze the quokka.
You kill the quokka!
You tentacle-slap the quokka. Your grab misses the quokka.
The quokka is heavily wounded.
The quokka bites you.
* * * LOW HITPOINT WARNING * * *
The quokka barely misses you.
You closely miss the quokka. Your grab misses the quokka.
The quokka is heavily wounded.
The quokka misses you.
You barely miss the quokka. Your grab misses the quokka.
Your tentacle-slap misses the quokka.
You squeeze the quokka.
You kill the quokka!
You closely miss the quokka. Your grab misses the quokka.
You squeeze the quokka.
The quokka is severely wounded.
The quokka bites you.
You die...

#.# .. ### ..
... . #.#
########....
~~~~~~~.#.#
~~∩~~~~)..#
~~~~~~~r##
########h##
##.....##
##.......##
####.........#
...'.........+
####.........#
##.......##
##.....##
##...##


You could see a quokka.

Vanquished Creatures
  An orc priest (D:3)
  Natasha (D:2)
  An orc wizard (D:3)
  4 adders
  A dart slug (D:2)
  A ribbon worm (D:2)
  An orc (D:3)
  3 endoplasms
  3 giant cockroaches
  5 goblins
  8 hobgoblins
  12 jackals
  4 quokkas (D:3)
  6 ball pythons
  3 bats
  2 frilled lizards
  9 kobolds
  9 rats
74 creatures vanquished.

Notes
Turn   | Place    | Note
-------+----------+-------------------------------------------
     0 | D:1      | Killerpretzel the Octopode Shapeshifter began the quest for
                  | the Orb.
     0 | D:1      | Reached XP level 1. HP: 13/13 MP: 1/1
   110 | D:1      | Reached XP level 2. HP: 18/18 MP: 2/2
   545 | D:1      | Reached XP level 3. HP: 23/23 MP: 3/3
  1243 | D:2      | Reached XP level 4. HP: 25/29 MP: 4/4
  1555 | D:2      | Noticed Natasha
  1563 | D:2      | Killed Natasha
  1564 | D:2      | Reached skill level 4 in Shapeshifting
  1646 | D:2      | Reached XP level 5. HP: 33/34 MP: 5/5
  1745 | D:2      | Found a faded altar of an unknown god.
  2118 | D:3      | Found a glowing drain.
  2134 | D:3      | Slain by a quokka

Illustrated notes

Levels and vault maps discovered:
D:1:      shiori_angband_town, layout_basic
D:2:      minmay_inner_zag, layout_loops_corners,
          shapermc_ecumenical_altar_mp_ritualfount, grunt_ministairs_3,
          uniq_natasha
D:3:      layout_loops_corners, chequers_temple_overflow_minitemple,
          portal_sewer_entry_f, serial_bayou_ford_a, minivault_5, dk_vineyard_3,
          nicolae_elevator_lobby_plus

Skill      XL: |  1  2  3  4  5 |
---------------+----------------+-----
Fighting       | 2 |  2.5
Shapeshifting  | 4 |  4.3
Dodging        | 3 |  3.0
Unarmed Combat | |  3.8

Action                     |  1- 3 |  4- 6 || total
---------------------------+-------+-------++-------
  Melee: Unarmed           |    61 |    38 ||    99
         Constrict         |    17 |    12 ||    29
         Tentacles         |    11 |    11 ||    22
         Punch             |     1 |     2 ||     3
  Throw: Boomerang         |    32 |    42 ||    74
    Use: Scroll            |     2 |     5 ||     7
   Stab: Sleeping          |     4 |     1 ||     5
         Distracted        |     1 |       ||     1
 Armour: Skin              |    20 |    20 ||    40
  Dodge: Dodged            |    28 |    19 ||    47
